 Seeded DCSS version 0.26-a0-689-gc93c913 (webtiles) character file.

Game seed: 1372303700356214663 (custom seed)

32687 Illumine the Carver (level 13, 0/115 HPs)
             Began as a Deep Dwarf Ice Elementalist on Oct 19, 2020.
             Was the Champion of Makhleb.
             Slain by a komodo dragon (12 damage)
             ... on level 6 of the Lair of Beasts on Oct 23, 2020.
             The game lasted 00:54:19 (17696 turns).

Illumine the Carver (Deep Dwarf Ice Elementalist)  Turns: 17696, Time: 00:54:20

Health: 0/115      AC:  9    Str: 13    XL:     13   Next: 32%
Magic:  15/18      EV: 19    Int: 20    God:    Makhleb [******]
Gold:   971        SH: 11    Dex: 19    Spells: 10/25 levels left

rFire    . . .     SeeInvis .   a - +3 long sword (vamp)
rCold    + + .     Faith    .   O - +0 buckler
rNeg     . . .     Spirit   .   M - +3 robe of Clouds {+Thunder rCloud rElec}
rPois    .         Reflect  +   (no helmet)
rElec    +         Harm     .   o - +0 cloak {rCorr}
rCorr    +         Rampage  .   n - +1 pair of gloves
MR       +....                  (no boots)
Stlth    ++........             c - amulet of reflection
HPRegen  0.00/turn              y - +6 ring of dexterity
MPRegen  0.16/turn              N - ring "Doosacho" {+Blink rC++ rCorr}

@: frozen ramparts, non-regenerating
A: damage resistance, heal wounds, sense surroundings 2, no regeneration
a: Heal Wounds, Minor Destruction, Lesser Servant of Makhleb, Major Destruction,
Greater Servant of Makhleb, Renounce Religion, Evoke Blink, Evoke Thunderclouds


You were on level 6 of the Lair of Beasts.
You worshipped Makhleb.
Makhleb was exalted by your worship.
You visited 2 branches of the dungeon, and saw 16 of its levels.
You also visited: Sewer.

You collected 971 gold pieces.

Inventory:

Hand Weapons
 a - a +3 vampiric long sword (weapon)
 b - a +3 hunting sling
 V - the cursed +2 quarterstaff of Eternal Harmony {holy, rF+}
   (You found it on level 4 of the Lair of Beasts)

   It has been blessed by the Shining One to cause great damage to the undead
   and demons.
   It protects you from fire.
   It has a curse placed upon it.
Missiles
 e - 641 stones (quivered)
 z - 104 sling bullets
Armour
 j - a +0 robe
 k - a +1 leather armour of magic resistance
 n - a +1 pair of gloves (worn)
 o - a +0 cloak of preservation (worn)
 E - a +2 leather armour of fire resistance
 K - +0 steam dragon scales
 M - the +3 robe of Clouds (worn) {+Thunder rCloud rElec}
   (You found it on level 10 of the Dungeon)

   It insulates you from electricity.
 O - a +0 buckler (worn)
Magical Staves
 C - an uncursed staff of air
Jewellery
 c - an amulet of reflection (around neck)
 y - a +6 ring of dexterity (left hand)
 D - an uncursed ring of positive energy
 N - the ring "Doosacho" (right hand) {+Blink rC++ rCorr}
   (You found it on level 10 of the Dungeon)

   [ring of resist corrosion]

   It greatly protects you from cold.
   It lets you blink.
   It provides partial protection from all sources of acid and corrosion.
 T - an uncursed ring of flight
Wands
 f - a wand of disintegration (13)
 t - a wand of polymorph (19)
 x - a wand of random effects (38)
 F - a wand of enslavement (14)
 G - a wand of iceblast (7)
 L - a wand of acid (13)
 Q - a wand of flame (33)
Scrolls
 g - 4 scrolls of fear
 h - 6 scrolls of teleportation
 l - 2 scrolls of enchant armour
 m - 5 scrolls of remove curse {unknown}
 q - a scroll of amnesia {unknown}
 s - 2 scrolls of magic mapping
 v - a scroll of blinking {unknown}
 w - 4 scrolls of immolation
 J - 2 scrolls of random uselessness {unknown}
 R - 5 scrolls of identify
 S - 2 scrolls of vulnerability {unknown}
 W - a scroll of torment {unknown}
 Y - a scroll of fog {unknown}
Potions
 d - 6 potions of curing
 i - 2 potions of berserk rage
 p - 2 potions of heal wounds
 r - 6 potions of mutation
 u - 3 potions of might
 A - 2 potions of resistance
 H - 3 potions of haste {unknown}
 I - a potion of invisibility {unknown}
 P - 2 potions of lignification {unknown}
 U - a potion of ambrosia {unknown}
 X - a potion of flight {unknown}
Miscellaneous
 B - a box of beasts (3/3)


   Skills:
 + Level 7.4 Fighting
 + Level 9.5 Long Blades
   Level 1.8 Maces & Flails
 - Level 3.0 Slings
 + Level 7.2 Armour
 + Level 8.3 Dodging
 - Level 2.4 Stealth
 - Level 4.6 Shields
 + Level 6.8 Spellcasting
 - Level 4.6 Conjurations
 + Level 5.3 Summonings
 - Level 8.0 Ice Magic
 + Level 6.8 Invocations
 - Level 8.2 Evocations


You had 10 spell levels left.
You knew the following spells:

 Your Spells              Type           Power        Failure   Level
a - Freeze                Ice            ####         1%          1
b - Frozen Ramparts       Ice            #####.       1%          3
c - Ozocubu's Armour      Ice            #####...     1%          3
d - Hailstorm             Conj/Ice       ####....     7%          4
e - Summon Ice Beast      Ice/Summ       ####....     6%          4

Your spell library contained the following spells:

 Spells                   Type           Power        Failure   Level
 Magic Dart               Conj           ####         1%          1
 Searing Ray              Conj           ####..       2%          2
 Dazzling Flash           Conj/Hex       ###...       11%         3
 Confusing Touch          Hex            #.......     28%         3
 Gell's Gravitas          Tloc           #.........   28%         3
 Fulminant Prism          Conj/Hex       ###.......   36%         4
 Iskenderun's Mystic Bla  Conj/Tloc      ###.....     36%         4
 Metabolic Englaciation   Hex/Ice        ###.......   45%         5
 Petrify                  Tmut/Erth      #.......     67%         4
 Yara's Violent Unravell  Hex/Tmut       #.........   95%         5


Dungeon Overview and Level Annotations

Branches:
Dungeon (10/15)              Lair (6/6) D:10         Shoals (0/4) Lair:4
 Spider (0/4) Lair:2        Slime (0/5) Lair:5          Orc (0/2) D:10
  Sewer (visited)
 Temple: D:4-7

Altars:
Ashenzari
Cheibriados
Elyvilon
Fedhas
Hepliaklqana
Makhleb
Nemelex Xobeh
Ru
Uskayaw
Vehumet
Wu Jian
Xom
Yredelemnul
Jiyva

Shops:
D:6 :   D:10 =

Annotations:
D:9 2 transporters, Uqejoa's ghost, novice OpTm
Lair:1 exclusion: oklob plant
Lair:2 3 runed translucent doors, Ciovowug's ghost, journeyman DrTm
Lair:3 exclusion: oklob plant, Rupert


Innate Abilities, Weirdness & Mutations

You are resistant to damage.
You can heal yourself by infusing magical energy.
You passively map the area around you.
You do not regenerate.


Message History

The cane toad moves out of view.
The komodo dragon bites you. You block the komodo dragon's attack.
Casting: Frozen Ramparts (safe; 1% risk of failure)
Confirm with . or Enter, or press ? or * to list all spells.
There are no walls around you to affect.
You are no longer poisoned.
Casting: Frozen Ramparts (safe; 1% risk of failure)
Confirm with . or Enter, or press ? or * to list all spells.
The walls around you are covered in ice.
The wall freezes the komodo dragon!
Unknown command.
You barely miss the komodo dragon.
The komodo dragon is lightly wounded.
The wall freezes the komodo dragon.
The komodo dragon bites you!!
* * * LOW HITPOINT WARNING * * *
You slash the komodo dragon!
You feel better.
The komodo dragon is heavily wounded.
The wall freezes the komodo dragon.
The komodo dragon bites you!
You die...

##.......## *,..........####...
#.........#######../...........
#P#........#≈≈≈≈#............k.
* ##.......#≈≈≈≈#..............
##........'≈≈≈≈+.......#.....D
#...###...#≈≈≈≈#........#, #
######....#≈≈≈≈#....^...#
#####P...######........+ ,
#.##.....†..@l.........#
##.P...................# *,
#.P....##P..........PP##
#...P..##............##
###..#..#.......#.##.# ,
#............PP.####
##P..........P..## ####
#P......P....##..###P#.##..
##...........##.P.#.....##.


You could see a komodo dragon.

Vanquished Creatures
  2 hydras
  A catoblepas (Lair:4)
  A two-headed ogre (D:10)
  6 death yaks
  A lindwurm (Lair:6)
  Joseph (Lair:1)
  5 black mambas
  8 cane toads
  2 rime drakes
  7 komodo dragons
  A troll (D:9)
  2 polar bears
  8 blink frogs
  A snapping turtle (Lair:4)
  46 yaks
  2 shadows
  3 basilisks (Lair:4)
  2 wyverns
  A wraith (D:10)
  A steam dragon (D:10)
  3 wargs (D:10)
  6 water moccasins
  Duvessa (D:7)
  An ice beast (D:10)
  2 black bears
  2 orc warriors
  2 sky beasts
  6 ogres
  A phantom (D:8)
  12 wolves
  A centaur (D:7)
  7 big kobolds
  14 bullfrogs
  A gnoll sergeant (D:8)
  A water moccasin zombie (D:10)
  Dowan (D:7)
  3 scorpions
  5 killer bees (D:10)
  14 wights
  2 howler monkeys (D:10)
  4 electric eels
  A quasit (D:8)
  A bullfrog zombie (D:7)
  2 hounds
  A jelly (D:6)
  Crazy Yiuf (D:3)
  5 orc priests (D:10)
  2 bullfrog skeletons
  Jessica (D:2)
  3 iguanas
  10 worker ants
  A centaur skeleton (D:9)
  10 orc wizards
  3 ogre zombies (D:10)
  A hound zombie (D:6)
  A hound skeleton (D:5)
  A howler monkey zombie (D:6)
  A worker ant zombie (D:5)
  Robin (D:3)
  5 gnolls (D:8)
  18 adders
  4 river rats (Sewer)
  2 shadow imps (D:9)
  A white imp (D:9)
  2 ufetubi
  7 oozes (Sewer)
  An adder zombie (D:7)
  2 adder skeletons
  8 worms
  3 dart slugs
  11 leopard geckos
  32 orcs
  4 bats
  A giant cockroach (D:8)
  13 goblins
  13 hobgoblins
  16 jackals
  24 kobolds
  2 quokkas (D:2)
  A ball python (D:4)
  A ball python zombie (D:5)
  4 frilled lizards
  A goblin skeleton (D:10)
  2 goblin zombies (D:10)
  A hobgoblin skeleton (D:10)
  A hobgoblin zombie (D:10)
  A jackal skeleton (D:5)
  3 orc skeletons (D:10)
  4 orc zombies (D:10)
  3 quokka skeletons
  5 rats
432 creatures vanquished.

Vanquished Creatures (collateral kills)
  4 death yaks
  An orb spider (Lair:2)
  A komodo dragon (Lair:6)
  4 blink frogs (Lair:4)
  2 basilisks
  A water moccasin (Lair:6)
  A phantom (D:10)
  A troll zombie (D:10)
  2 ogre zombies (D:10)
  A hobgoblin skeleton (D:10)
  5 orc zombies (D:10)
23 creatures vanquished.

Vanquished Creatures (others)
  An orc wizard (D:7)
  15 fungi
  58 plants
74 creatures vanquished.

Grand Total: 529 creatures vanquished

Notes
Turn   | Place    | Note
-------+----------+-------------------------------------------
     0 | D:1      | Illumine the Deep Dwarf Ice Elementalist began the quest
                  | for the Orb.
     0 | D:1      | Reached XP level 1. HP: 15/15 MP: 3/3
   276 | D:1      | Reached XP level 2. HP: 8/22 MP: 0/5
  1118 | D:2      | Found a snail-covered altar of Cheibriados.
  1155 | D:2      | Noticed Jessica
  1169 | D:2      | Killed Jessica
  1169 | D:2      | Reached skill level 1 in Armour
  1169 | D:2      | Reached XP level 3. HP: 22/28 MP: 0/4
  1296 | D:2      | Found a radiant altar of Vehumet.
  1381 | D:2      | Reached XP level 4. HP: 21/36 MP: 1/5
  1386 | D:2      | Learned a level 3 spell: Frozen Ramparts
  1390 | D:2      | Learned a level 3 spell: Ozocubu's Armour
  1434 | D:2      | Found a hide-covered altar of Uskayaw.
  1436 | D:2      | Noticed a +0 hand axe
  1436 | D:2      | Noticed a +0 hand axe
  2331 | D:3      | Noticed Robin
  2358 | D:3      | Reached XP level 5. HP: 31/42 MP: 2/7
  2513 | D:3      | Upgraded the game from 0.26-a0-670-g578ab30 to
                  | 0.26-a0-682-g294304f
  2638 | D:3      | Killed Robin
  3028 | D:3      | Found an ornate altar of the Wu Jian Council.
  3032 | D:3      | Found a basalt altar of Yredelemnul.
  3033 | D:3      | Found a burning altar of Makhleb.
  3039 | D:3      | Found a white marble altar of Elyvilon.
  3040 | D:3      | Found a hazy altar of Hepliaklqana.
  3059 | D:3      | Became a worshipper of Makhleb the Destroyer
  3159 | D:3      | Found a sparkling altar of Nemelex Xobeh.
  3243 | D:3      | Reached skill level 1 in Fighting
  3658 | D:3      | Found a runed translucent door.
  3659 | D:3      | Noticed Crazy Yiuf
  3682 | D:3      | Killed Crazy Yiuf
  3841 | D:4      | Reached XP level 6. HP: 21/51 MP: 4/8
  3855 | D:4      | Reached skill level 1 in Invocations
  3864 | D:4      | Found a glowing drain.
  3878 | Sewer    | Entered a sewer
  4260 | Sewer    | Reached * piety under Makhleb
  4533 | Sewer    | Reached XP level 7. HP: 19/60 MP: 5/10
  4610 | Sewer    | Reached skill level 5 in Ice Magic
  5463 | D:4      | Upgraded the game from 0.26-a0-682-g294304f to
                  | 0.26-a0-683-g5206c1d
  5542 | D:4      | Found a transporter.
  5630 | D:4      | Found a transporter.
  5859 | D:5      | Entered Level 5 of the Dungeon
  6363 | D:5      | Found a broken altar of Ashenzari.
  6500 | D:5      | Reached XP level 8. HP: 40/68 MP: 7/12
  6591 | D:5      | Reached ** piety under Makhleb
  7070 | D:6      | Found Gyts's Book Shoppe.
  7299 | D:6      | Found a shimmering altar of Xom.
  7329 | D:6      | Found a blossoming altar of Fedhas.
  7666 | D:7      | Reached skill level 1 in Slings
  8074 | D:7      | Noticed Dowan
  8082 | D:7      | Noticed Duvessa
  8108 | D:7      | Killed Duvessa
  8306 | D:7      | Reached skill level 1 in Maces & Flails
  8306 | D:7      | Reached skill level 5 in Dodging
  8395 | D:7      | Reached skill level 5 in Armour
  8604 | D:7      | Killed Dowan
  8748 | D:8      | Reached skill level 5 in Invocations
  8748 | D:8      | Gained mutation: You passively map the area around you.
                  | [Deep Dwarf growth]
  8748 | D:8      | Reached XP level 9. HP: 51/78 MP: 7/13
  9097 | D:8      | Reached skill level 1 in Evocations
  9235 | D:8      | Reached *** piety under Makhleb
  9236 | D:8      | Reached skill level 1 in Long Blades
  9527 | D:9      | Learned a level 4 spell: Hailstorm
  9640 | D:9      | Reached skill level 2 in Long Blades
  9640 | D:9      | Reached skill level 1 in Conjurations
  9643 | D:9      | Reached skill level 5 in Spellcasting
  9651 | D:9      | Reached skill level 3 in Long Blades
  9834 | D:9      | Reached XP level 10. HP: 87/87 MP: 9/15
  9838 | D:9      | Reached skill level 4 in Long Blades
 10033 | D:9      | Reached **** piety under Makhleb
 10107 | D:9      | Found a sacrificial altar of Ru.
 10239 | D:9      | Noticed Uqejoa's ghost (novice OpTm)
 10334 | D:9      | Found a transporter.
 10338 | D:9      | Found a transporter.
 10544 | D:10     | Entered Level 10 of the Dungeon
 10625 | D:9      | Learned a level 4 spell: Summon Ice Beast
 10828 | D:9      | Reached skill level 5 in Fighting
 10887 | D:10     | Noticed a two-headed ogre
 10914 | D:10     | Killed a two-headed ogre
 10914 | D:10     | Reached skill level 5 in Long Blades
 10914 | D:10     | Reached skill level 1 in Summonings
 10939 | D:10     | Reached skill level 5 in Evocations
 11021 | D:10     | Found a staircase to the Orcish Mines.
 11133 | D:10     | Found the +3 robe of Clouds {+Thunder rCloud rElec}
 11260 | D:10     | Reached ***** piety under Makhleb
 11599 | D:10     | Reached XP level 11. HP: 32/96 MP: 12/16
 11730 | D:10     | Reached skill level 6 in Long Blades
 11854 | D:10     | Found a staircase to the Lair.
 12056 | D:10     | Found Fimilysa's Jewellery Boutique.
 12086 | D:10     | Got a slimy silver ring
 12094 | D:10     | Identified the ring "Doosacho" {+Blink rC++ rCorr} (You
                  | found it on level 10 of the Dungeon)
 12250 | Lair:1   | Entered Level 1 of the Lair of Beasts
 12332 | Lair:1   | Reached skill level 1 in Shields
 12455 | Lair:1   | Noticed an oklob plant
 12507 | Lair:1   | Reached skill level 7 in Long Blades
 12877 | Lair:1   | Noticed Joseph
 12896 | Lair:1   | Killed Joseph
 13366 | Lair:1   | You fall into a shaft and drop 1 floor!
 13429 | Lair:2   | Found a runed translucent gate.
 13429 | Lair:2   | Found a runed translucent gate.
 13568 | Lair:2   | Reached XP level 12. HP: 95/105 MP: 15/18
 13685 | Lair:2   | Found a runed translucent gate.
 13686 | Lair:2   | Noticed Ciovowug's ghost (journeyman DrTm)
 13987 | Lair:2   | Found a hole to the Spider Nest.
 14182 | Lair:3   | Reached ****** piety under Makhleb
 14214 | Lair:3   | Noticed Rupert
 14344 | Lair:4   | Noticed a catoblepas
 14382 | Lair:4   | Reached skill level 8 in Long Blades
 14413 | Lair:4   | Killed a catoblepas
 14533 | Lair:4   | Noticed a four-headed hydra
 14544 | Lair:4   | Killed a four-headed hydra
 14948 | Lair:4   | Upgraded the game from 0.26-a0-683-g5206c1d to
                  | 0.26-a0-685-g974c44d
 15317 | Lair:4   | Found a staircase to the Shoals.
 15331 | Lair:4   | Got a translucent quarterstaff
 15332 | Lair:4   | Identified the cursed +2 quarterstaff of Eternal Harmony
                  | {holy, rF+} (You found it on level 4 of the Lair of Beasts)
 15603 | Lair:5   | Noticed a death yak
 15603 | Lair:5   | Noticed a death yak
 15603 | Lair:5   | Noticed a death yak
 15603 | Lair:5   | Noticed a death yak
 15603 | Lair:5   | Noticed a death yak
 15642 | Lair:4   | Killed a death yak
 15651 | Lair:4   | Killed a death yak
 15651 | Lair:4   | Reached skill level 9 in Long Blades
 15666 | Lair:4   | HP: 1/106 [death yak (10)]
 15667 | Lair:4   | Killed a death yak
 15889 | Lair:5   | Found a viscous altar of Jiyva.
 15889 | Lair:5   | Found a staircase to the Slime Pits.
 16595 | Lair:4   | Killed a death yak
 16595 | Lair:4   | Reached XP level 13. HP: 92/115 MP: 7/19
 16764 | Lair:6   | Entered Level 6 of the Lair of Beasts
 16794 | Lair:6   | Reached skill level 5 in Summonings
 17177 | Lair:5   | Upgraded the game from 0.26-a0-685-g974c44d to
                  | 0.26-a0-689-gc93c913
 17415 | Lair:5   | HP: 2/115 [death yak (15)]
 17424 | Lair:5   | HP: 4/115 [death yak (3)]
 17696 | Lair:6   | Slain by a komodo dragon

Illustrated notes

Levels and vault maps discovered:
D:1:      nicolae_arrival_memento_mori, layout_rooms, serial_curves,
          eino_curves_01, eino_curves_01, eino_curves_01, eino_curves_01,
          hangedman_abyss_or_decor_stabs, chequers_serial_rivers_large_b
D:2:      layout_loops_cross, nicolae_overflow_crystal_walls, marbit_many_paths,
          dancing_weapons_uskayaw, uniq_jessica
D:3:      layout_rooms, nemelex_xobeh_ov_fountains_minmay,
          minmay_overflow_temple_star_hex, uniq_robin, uniq_crazy_yiuf_cottage
D:4:      gammafunk_steamed_eel, layout_loops_cross, portal_sewer_entry_f
D:5:      layout_loops_ring, lemuel_round_altar,
          minmay_temple_entry_from_below_a, minmay_crystal_water
D:6:      layout_loops_cross, kennysheep_little_box,
          lemuel_coloured_pillars_altar, serial_shops, shop_fountains
D:7:      layout_rooms, uniq_duvessa
D:8:      layout_cave_pools
D:9:      layout_loops_cross, lemuel_round_altar, gammafunk_ghost_hive
D:10:     layout_long_grid, erik_lair_orcish_takeover, zombieorc1_lemuel,
          serial_shops, nicolae_shop_behind_doors
Lair:1:   layout_cave_pods, serial_bayou_pond_e, minmay_lair_oklob_bushes,
          st_stairs_5, lemuel_fruit_tree, grunt_megastairs_2, uniq_joseph
Lair:2:   layout_loops_ring, nicolae_spider_entry_orb_guardian,
          ebering_ghost_rock_garden, nicolae_quartered_pool_medium
Lair:3:   minmay_lair_oklob_tunnel, layout_regular_city, uniq_rupert
Lair:4:   layout_small_grid, minmay_shoals_entry_hut,
          hangedman_lair_unloving_vines, infiniplex_staircase_pool_2
Lair:5:   layout_cave_pods, slime_altar_1, gauntlet_entry_generic
Lair:6:   hangedman_lair_caniforms_friends, layout_misc_corridors,
          guppyfry_lair_end_dragon, chequers_serial_rivers_room_b,
          grunt_megastairs_4

Skill      XL: |  1  2  3  4  5  6  7  8  9 10 11 12 13 |
---------------+----------------------------------------+-----
Spellcasting   | 2 3 4 5 6 |  6.8
Armour         | 1 2 3 4 5 6 7 |  7.2
Ice Magic      | 4 5 6 7 8 |  8.0
Dodging        | 3 4 5 6 7 8 |  8.3
Fighting       | 1 2 3 4 5 6 7 |  7.4
Invocations    | 2 3 5 6 |  6.8
Slings         | 2 3 |  3.0
Maces & Flails | 1 |  1.8
Evocations     | 3 5 6 8 |  8.2
Long Blades    | 3 5 7 9 |  9.5
Conjurations   | 2 3 4 |  4.6
Summonings     | 1 3 4 5 |  5.3
Shields        | 3 4 |  4.6
Stealth        | |  2.4

Action                   |  1- 3 |  4- 6 |  7- 9 | 10-12 | 13-15 || total
-------------------------+-------+-------+-------+-------+-------++-------
Melee: Dagger            |     4 |   103 |    96 |       |       ||   203
       Short sword       |    20 |       |       |       |       ||    20
       Flail             |       |       |    66 |       |       ||    66
       Hunting sling     |       |       |     3 |       |       ||     3
       Long sword        |       |       |    47 |   736 |    83 ||   866
 Fire: Hunting sling     |       |    43 |   153 |    27 |     5 ||   228
Throw: Stone             |     4 |       |     4 |       |       ||     8
 Cast: Freeze            |    34 |    40 |    20 |    13 |     1 ||   108
       Frozen Ramparts   |       |    33 |    58 |    69 |    14 ||   174
       Ozocubu's Armour  |       |       |     1 |       |       ||     1
       Hailstorm         |       |       |       |     4 |     1 ||     5
       Summon Ice Beast  |       |       |       |    18 |    12 ||    30
Invok: Lesser Servant of |       |       |       |     2 |       ||     2
       Greater Servant o |       |       |       |       |     1 ||     1
 Abil: Heal Wounds       |     2 |     1 |       |     4 |     4 ||    11
       Evoke Thunderclou |       |       |       |     4 |     1 ||     5
Evoke: Wand              |       |       |       |       |     1 ||     1
  Use: Scroll            |       |     3 |     6 |     7 |       ||    16
       Potion            |       |       |       |     2 |       ||     2
 Stab: Sleeping          |     3 |       |     1 |     4 |       ||     8
       Distracted        |       |       |       |     5 |     1 ||     6
       Petrifying        |       |       |       |     1 |       ||     1
Armor: Robe              |     9 |     1 |       |    84 |     6 ||   100
       Leather armour    |       |    31 |    55 |    34 |       ||   120
Dodge: Dodged            |    30 |    52 |   130 |   446 |    55 ||   713
Block: Other             |       |    11 |    43 |   135 |       ||   189
       Reflection        |       |     3 |     3 |       |     2 ||     8
       Buckler           |       |       |       |    44 |    45 ||    89
       Rpst.: Long sword |       |       |     5 |   125 |    16 ||   146

Table legend: (Time is in decaauts)
 A = Elapsed time spent in this place.
 B = Non-inter-level travel time spent in this place.
 C = Inter-level travel time spent in this place.
 D = Time resting spent in this place.
 E = Time spent auto-exploring this place.
 F = Levels seen in this place.
 G = Mean time per level.
                   A        B        C        D        E       F      G
               +--------+--------+--------+--------+--------+-----+--------+
         Total |  17929 |  17045 |    884 |   2113 |  10478 |  17 | 1054.6 |
       Dungeon |  11404 |  10818 |    586 |   1514 |   6486 |  10 | 1140.4 |
          Lair |   5159 |   4861 |    298 |    441 |   3061 |   6 |  859.8 |
         Sewer |   1365 |   1365 |      0 |    158 |    929 |   1 | 1365.0 |
               +--------+--------+--------+--------+--------+-----+--------+

Top non-repeatable levels by time:
     D:2: 1593 daAuts
  Lair:4: 1553 daAuts
    D:10: 1549 daAuts
  Lair:5: 1526 daAuts
   Sewer: 1365 daAuts
     D:3: 1316 daAuts
     D:9: 1311 daAuts
     D:4: 1141 daAuts
     D:7: 1125 daAuts
     D:1: 916 daAuts
  Lair:1: 837 daAuts
     D:6: 834 daAuts
     D:8: 815 daAuts
     D:5: 799 daAuts
  Lair:2: 753 daAuts
